Unix xNetHack Version 8.0.0 - last build Mar 23 2024 02:42:02 (1964348d4f5f1cf1067ea9968e02252fcc83c468). Game began 2024-04-25 23:04:28, ended 2024-04-26 13:23:05. Okoto, lawful female human Valkyrie --------- ----- --.......------ ---..<| |..--.........|---.....| |..|---------.|....|..- ---- ----.....-|.-- ----- ---|.........|-- --...----..|....|.---- |.....|....|..----- |...%......|..| ------ |...---......-- |%%%%| |...|........| |.... ------....---- -|- --...| ...---.------ ---..|.........-|..| -----+---|-@%.............-..| %)[...))).G.----....{.....---- -------.--+-- --........... |((( |.| |.........--- |(((.-.| -------..-- |((].--- ---- ----- Okoto the Fighter St:16 Dx:14 Co:17 In:9 Wi:8 Ch:8 Lawful S:1652 Dlvl:6 $:14 HP:0(47) Pw:16(16) AC:6 Xp:6/347 T:2019 Latest messages: You kill the giant bat! You miss the gnome lady. The gnome lady throws 2 darts! You are hit by the 1st dart. You are hit by the 2nd dart. You jab the gnome lady! The gnome lady throws a dart! You are hit by a dart. You are hit by an arrow! You feel more confident in your weapon skills. (Use the #enhance command to advance them.) You jab the gnome lady. You miss the gnome lady. You kill the gnome lady! The gnome picks up 2 darts. You gore the Uruk-hai! The gnome throws a dart! A dart misses you. You kill the Uruk-hai! The Uruk-hai picks up an Uruk-hai shield. You miss the Uruk-hai. You impale the Uruk-hai! The Uruk-hai punches you! You kill the Uruk-hai! The gnome throws a dart! You are hit by a dart. There are several objects here. You see here a dagger. A dart misses you. You are hit by a dart. The Uruk-hai punches you! You hit the Uruk-hai! The Uruk-hai punches you! You kill the Uruk-hai! Welcome to experience level 6. You miss the Uruk-hai. You impale the Uruk-hai. The Uruk-hai thrusts his orcish short sword. The Uruk-hai jabs you! You jab the Uruk-hai! The gnome picks up a wooden orcish helm. You kill the Uruk-hai! The gnome thrusts his dagger. The gnome impales you! You die... Do you want your possessions identified? [ynq] (y) n Do you want to see your attributes? [ynq] (y) n Do you want an account of creatures vanquished? [ynaq] (y) n Do you want to see your conduct and achievements? [ynq] (y) n Do you want to see the dungeon overview? [ynq] (y) n Inventory: Inventory: 517/875 weight (29/52 slots) Coins $ - 14 gold pieces {1} Weapons p - 5 +0 darts {5} D - 7 cursed -1 darts (at the ready) {7} b - 6 +0 daggers (alternate weapons; not wielded) {60} l - 2 +0 orcish daggers {20} a - a +1 spear (weapon in hand) {30} Armor g - an uncursed +0 orcish helm {30} m - an uncursed +0 orcish helm {30} q - a cursed +0 pair of dwarvish boots {50} c - an uncursed +3 small shield (being worn) {23} r - an uncursed +0 dwarvish cloak {10} F - an uncursed +0 dwarvish cloak {10} Comestibles d - an uncursed food ration {20} G - an uncursed partly eaten food ration {4} B - a cursed partly eaten food ration {20} e - 3 uncursed lichen corpses {60} Scrolls f - an uncursed scroll of identify {5} Potions s - a cursed potion of blindness {20} E - an uncursed potion of gain energy {20} w - an uncursed potion of sickness {20} Rings z - an uncursed ring of searching {3} Wands t - a wand of magic missile (0:2) {7} Tools y - an uncursed lock pick {4} Gems/Stones C - an uncursed amber stone {1} u - 2 uncursed rubies {2} j - a cursed worthless piece of green glass {1} x - an uncursed worthless piece of red glass {1} v - 2 uncursed worthless pieces of yellow glass {2} n - 2 uncursed worthless pieces of yellowish brown glass {2} k - 5 uncursed rocks {50} Okoto the Valkyrie's attributes: Background: You were a Fighter, a level 6 human Valkyrie. You were lawful, on a mission for Tyr who was opposed by Odin (neutral) and Loki (chaotic). You were heterosexual. You were in the Gnomish Mines, on level 6. You entered the dungeon 2019 turns ago. You had 347 experience points, 293 more were needed to attain level 7. Your score was 1652 before end-of-game adjustments. Basics: You had 0 out of 47 hit points. You had all 16 energy points (spell power). Your armor class was 6. Your wallet contained 14 zorkmids. Autopickup was off. Final Characteristics: Your strength was 16 (limit:18/100). Your dexterity was 14 (limit:18). Your constitution was 17 (limit:18). Your intelligence was 9 (limit:18). Your wisdom was 8 (limit:18). Your charisma was 8 (limit:18). Final Status: You were not hungry. You were unencumbered. You were wielding a spear. You had basic skill with spear and could have enhanced that. Final Attributes: You were piously aligned. You were cold resistant. You were stealthy. You aggravated monsters. You are dead. Miscellaneous: You encountered 1 bones level. Total elapsed playing time was 42 minutes and 45 seconds. Major events: Turn 1: Okoto the lawful human Valkyrie entered the dungeon 800: entered the Gnomish Mines 812: attained the rank of Skirmisher (level 3) 1838: reached Mine Town 2011: attained the rank of Fighter (level 6) 2019: killed by a gnome Vanquished creatures: 4 Uruk-hai 5 gnome leaders a gnomish wizard 2 kittens 2 dwarves a giant bat a hobgoblin 17 gnomes a gnome zombie a gecko a jackal a fox 2 goblins 3 grid bugs a bat 5 lichens 2 kobold zombies a newt 51 creatures vanquished. No species were genocided or became extinct. Voluntary challenges: You were illiterate. You never genocided any monsters. You never polymorphed an object. You never changed form. You never touched an artifact. You used no wishes. You never scared an enemy with impunity. You were celibate. You never generated conflict. Achievements: You entered a shop. You entered the Gnomish Mines. You attained the rank of Skirmisher. You entered Minetown. You attained the rank of Fighter. Dungeon overview: The Dungeons of Doom: levels 1 to 3 Level 1: A fountain. Level 2: A health food store. Stairs down to The Gnomish Mines. Level 3: The Gnomish Mines: levels 3 to 6 Level 3: Level 4: Final resting place for Okoto-Val-Hum-Fem-Law, killed by a soldier ant. Level 5: Level 6: <- You were here. A delicatessen, a fountain. Final resting place for you, killed by a gnome. Game over: __________ / \ / REST \ / IN \ / PEACE \ / \ | Okoto | | 14 Au | | killed by a | | gnome | | | | | | 2024 | *| * * * | * _________)/\\_//(\/(/\)/\//\/|_)_______ Farvel Okoto the Valkyrie... You died in The Gnomish Mines on dungeon level 6 with 1651 points, and 14 pieces of gold, after 2019 moves. You were level 6 with a maximum of 47 hit points when you died.